 Dungeon Crawl Stone Soup version 0.30-a0-930-gb9d0489357 (webtiles) character file.

Game seed: 9006005424697044088

2195 sanka the Basher (level 9, -1/93 HPs)
             Began as an Ogre Delver on Mar 24, 2023.
             Was a Priest of Trog.
             Succumbed to an orc wizard's poison
             ... on level 7 of the Dungeon.
             The game lasted 00:17:17 (6730 turns).

sanka the Basher (Ogre Delver)                      Turns: 6730, Time: 00:17:17

Health: -1/93      AC:  5    Str: 22    XL:     9   Next: 34%
Magic:  9/9        EV:  9    Int: 17    God:    Trog [***...]
Gold:   335        SH:  0    Dex: 10    Spells: 8/8 levels left

rFire   . . .      SeeInvis .    y - +0 giant club
rCold   . . .      Faith    .    (shield currently unavailable)
rNeg    . . .      Spirit   .    w - +0 troll leather armour {Pargi}
rPois   .          Reflect  .    (helmet restricted)
rElec   .          Rampage  .    (no cloak)
rCorr   .                        (gloves unavailable)
Will    .....                    (boots unavailable)
Stlth   ++                       (no amulet)
HPRegen 1.15/turn                (no ring)
MPRegen 0.11/turn                i - +6 ring of intelligence

@: lethally poisoned (-1 -> -14), on berserk cooldown, slowed, very slow
A: large, unfitting armour, tough skin 1
a: Renounce Religion, Berserk, Trog's Hand


You were on level 7 of the Dungeon.
You worshipped Trog.
Trog was most pleased with you.
You visited 2 branches of the dungeon, and saw 8 of its levels.

You collected 335 gold pieces.


Innate Abilities, Weirdness & Mutations

You are too large for most types of armour.
You have tough skin. (AC +1)


   Skills:
 + Level 7.5 Fighting
 * Level 9.3 Maces & Flails
 - Level 1.7 Dodging
 - Level 3.7 Stealth
 - Level 4.0 Evocations


You had 8 spell levels left.
You didn't know any spells.
Your spell library was empty.

Inventory:

Hand Weapons
 a - a +1 mace of protection
 x - a +0 flail
 y - a +0 giant club (weapon)
 z - a +0 giant spiked club
Missiles
 r - 2 poisoned darts (quivered)
Armour
 w - a +0 troll leather armour (worn) {Pargi}
Jewellery
 i - a +6 ring of intelligence (right hand)
Wands
 b - a wand of paralysis (13)
 g - a wand of digging (3)
 A - a wand of mindburst (13)
 E - a wand of flame (21)
Scrolls
 c - 3 scrolls of fog
 e - 5 scrolls of teleportation {unknown}
 h - 2 scrolls of immolation {unknown}
 j - 2 scrolls of fear
 k - 2 scrolls of vulnerability {unknown}
 l - 2 scrolls of magic mapping
 m - a scroll of enchant armour {unknown}
 n - 2 scrolls of enchant weapon {unknown}
 p - 2 scrolls of amnesia {unknown}
 s - a scroll of brand weapon {unknown}
 v - 2 scrolls of identify {unknown}
 D - a scroll of noise {unknown}
Potions
 d - 7 potions of curing {unknown}
 f - 2 potions of haste {@q3}
 o - 2 potions of might {unknown}
 q - a potion of lignification {unknown}
 t - 2 potions of brilliance {unknown}
 u - a potion of mutation {unknown}
 B - a potion of invisibility {unknown}
 C - a potion of heal wounds {unknown}

Dungeon Overview and Level Annotations

Branches:
Dungeon (7/15)             Temple (1/1) D:5

Altars:
Cheibriados
Dithmenos
Elyvilon
Hepliaklqana
Nemelex Xobeh
Ru
Sif Muna
Trog
Vehumet
Wu Jian
Xom
Yredelemnul
Zin
The Shining One

Annotations:
D:5 2 runed translucent doors
D:6 Dowan, Duvessa

.. .▒ ..▒ .▒
..▒▒.▒ .....▒
▒.▒..▒▒▒...
▒▒.▒)!5.....
.{▒O▒ ▒.▒{▒
.▒▒.▒▒.▒o▒
..........▒▒▒▒
.....▒▒......▒
.... ▒▒▒▒▒..▒
... ▒▒...▒▒ ..
▒▒<....▒▒ .
▒.......▒


You could see an orc and an ufetubus.


Message History

Deactivating autopickup; reactivate with Ctrl-A.
The ufetubus closely misses you. The ufetubus hits you.
* * * LOW HITPOINT WARNING * * *
The orc hits you with a +0 club.
* * * LOW HITPOINT WARNING * * *
Unknown command.
You closely miss something.
* * * LOW HITPOINT WARNING * * *
You feel very sick. The ufetubus barely misses you.
The ufetubus hits you but does no damage.
Unknown command.
You bludgeon the orc!!
You kill the orc!
Trog accepts your kill.
* * * LOW HITPOINT WARNING * * *
You feel very sick. Something hits you.
* * * LOW HITPOINT WARNING * * *
You are more poisoned.
Unknown command.
Unknown command.
You bludgeon the white imp!!
You kill the white imp!
Trog accepts your kill.
You are no longer berserk.
You are exhausted.
You feel yourself slow down.
You die...

Action                     |  1- 3 |  4- 6 |  7- 9 || total
---------------------------+-------+-------+-------++-------
  Melee: Mace              |   113 |   119 |   117 ||   349
         Punch             |     2 |     2 |     2 ||     6
         Giant club        |       |       |   133 ||   133
  Throw: Dart              |     3 |       |       ||     3
 Invoke: Berserk           |       |     2 |     3 ||     5
  Evoke: Wand              |       |     3 |     1 ||     4
    Use: Scroll            |     3 |       |       ||     3
   Stab: Sleeping          |     6 |     2 |     1 ||     9
         Distracted        |     1 |       |       ||     1
         Paralysed         |       |     3 |     5 ||     8
 Armour: Robe              |    43 |    27 |       ||    70
         Troll leather arm |       |    23 |   144 ||   167
  Dodge: Dodged            |    60 |    69 |   158 ||   287

Levels and vault maps discovered:
D:1:      dpeg_arrival_lava_altar, layout_loops_cross,
          hellmonk_ecumenical_altar_watching_god, kennysheep_crisscross
D:2:      layout_basic, reono_crystal_passage, minmay_domino_4
D:3:      layout_loops_corners, uniq_robin, uniq_pargi
D:4:      kennysheep_spiral_hall, layout_basic, cheibrodos_sewer_entry_drain,
          serial_glass, glass_columns_c, glass_columns_a
D:5:      lemuel_insect_pit, layout_loops_ring, mainiacjoe_overflow_swirl,
          minmay_temple_entry_statues_pillars, chequers_serial_rivers_micro_d,
          grunt_decor_one_mirror, uniq_eustachio
D:6:      nicolae_cairo_tiling_large_dashed, layout_cave_pools, uniq_duvessa
D:7:      layout_loops_cross, gammafunk_ghost_hive, serial_shops,
          nicolae_shop_trees, uniq_maggie, uniq_menkaure
Temple:   nicolae_temple_ecumenical_triangle

Notes
Turn   | Place    | Note
-------+----------+-------------------------------------------
     0 | D:5      | sanka the Ogre Delver began the quest for the Orb.
     0 | D:5      | Reached XP level 1. HP: 24/24 MP: 1/1
    27 | D:5      | Noticed a jelly
    60 | D:5      | Found a staircase to the Ecumenical Temple.
    72 | Temple   | Entered the Ecumenical Temple
   111 | Temple   | Became a worshipper of Trog the Wrathful
   151 | D:5      | Noticed a hound
   165 | D:5      | Noticed a scorpion
   227 | D:4      | Noticed a steam dragon
   227 | D:4      | Found a glowing drain.
   242 | D:4      | Reached skill level 2 in Maces & Flails
   289 | D:3      | Noticed Pargi
   487 | D:3      | Reached XP level 2. HP: 32/32 MP: 2/2
   665 | D:1      | Noticed a shining eye
   675 | D:1      | Found a faded altar of an unknown god.
   694 | D:1      | Noticed a shining eye
   694 | D:1      | Noticed a great orb of eyes
   694 | D:1      | Noticed an eye of devastation
  1081 | D:2      | Reached skill level 3 in Maces & Flails
  1116 | D:2      | Reached XP level 3. HP: 39/39 MP: 3/3
  1810 | D:1      | Found a shimmering altar of Xom.
  1854 | D:1      | Found a faded altar of an unknown god.
  2110 | D:1      | Reached XP level 4. HP: 21/48 MP: 4/4
  2607 | D:2      | Reached skill level 4 in Maces & Flails
  2757 | D:3      | Noticed Robin
  2936 | D:3      | Reached * piety under Trog
  3003 | D:3      | Killed Robin
  3656 | D:3      | Killed Pargi
  3657 | D:3      | Reached skill level 5 in Maces & Flails
  3657 | D:3      | Reached XP level 5. HP: 54/54 MP: 5/5
  4065 | D:4      | Noticed a black bear
  4078 | D:4      | Killed a black bear
  4079 | D:4      | Reached skill level 2 in Evocations
  4079 | D:4      | Reached XP level 6. HP: 56/62 MP: 6/6
  4104 | D:4      | Killed a steam dragon
  4105 | D:4      | Reached skill level 3 in Evocations
  4162 | D:4      | Reached XP level 7. HP: 70/70 MP: 7/7
  4245 | D:4      | Reached ** piety under Trog
  4292 | D:4      | Reached skill level 4 in Evocations
  4957 | D:5      | Found a snail-covered altar of Cheibriados.
  4989 | D:5      | Reached skill level 6 in Maces & Flails
  5049 | D:5      | Reached XP level 8. HP: 78/78 MP: 8/8
  5115 | D:5      | Reached skill level 7 in Maces & Flails
  5136 | D:5      | Found a runed translucent door.
  5143 | D:5      | Found a runed translucent door.
  5218 | D:5      | Noticed Eustachio
  5230 | D:5      | Reached skill level 5 in Fighting
  5233 | D:5      | Killed Eustachio
  5393 | D:5      | Found a hazy altar of Hepliaklqana.
  5846 | D:6      | Reached skill level 8 in Maces & Flails
  5860 | D:6      | Reached skill level 6 in Fighting
  6081 | D:6      | Reached XP level 9. HP: 80/92 MP: 9/9
  6264 | D:6      | Noticed Dowan
  6288 | D:6      | Noticed Duvessa
  6402 | D:6      | Reached skill level 7 in Fighting
  6405 | D:6      | Reached *** piety under Trog
  6688 | D:7      | Reached skill level 9 in Maces & Flails
  6710 | D:7      | Noticed Menkaure
  6722 | D:7      | Killed Menkaure
  6727 | D:7      | HP: 13/139 [poisoned by an orc wizard]
  6729 | D:7      | HP: 5/139 [poisoned by an orc wizard]
  6729 | D:7      | HP: 2/139 [something (3)]
  6730 | D:7      | Succumbed to an orc wizard's poison

Vanquished Creatures
  Eustachio (D:5)
  A steam dragon (D:4)
  Menkaure (D:7)
  Pargi (D:3)
  An ice beast (D:7)
  2 black bears
  3 ogres
  3 centaurs
  3 bullfrogs
  3 scorpions
  4 hounds
  3 jellies
  2 orc priests
  An iguana (D:6)
  4 orc wizards
  Robin (D:3)
  A gnoll (D:1)
  5 adders
  A shadow imp (D:6)
  5 white imps
  2 ufetubi (D:6)
  A worm (D:4)
  24 orcs
  4 ball pythons
  4 endoplasms
  6 giant cockroaches
  10 goblins
  8 hobgoblins
  6 jackals
  7 quokkas
  6 bats
  2 frilled lizards
  11 kobolds
  2 rats (D:2)
139 creatures vanquished.

Vanquished Creatures (others)
  2 jackals (D:4)
2 creatures vanquished.

Grand Total: 141 creatures vanquished
